 Dungeon Sprint DCSS version 0.24.1-14-gf8d2b509d9 (webtiles) character file.

Game seed: 17909223564631146753, levelgen mode: deterministic

49 sahdkjhfkaj the Insei (level 3, -7/23 HPs)
             Began as an Octopode Transmuter on Oct 4, 2020.
             Mangled by a water elemental (21 damage)
             ... in the Dungeon (Sprint III: "The Ten Rune Challenge").
             The game lasted 00:00:43 (253 turns).

sahdkjhfkaj the Insei (Octopode Transmuter)          Turns: 253, Time: 00:00:44

Health: -7/23      AC:  1    Str: 10    XL:     3   Next: 77%
Magic:  3/6        EV: 13    Int: 15    God:
Gold:   27         SH:  0    Dex: 12    Spells: 3/6 levels left

rFire    . . .     SeeInvis .     - Unarmed
rCold    . . .     Gourm    .   (no shield)
rNeg     . . .     Faith    .   (helmet restricted)
rPois    .         Spirit   .   (no amulet)
rElec    .         Reflect  .   (no ring)
rCorr    .         Harm     .   (no ring)
MR       .....     NoTele   +   (no ring)
Stlth    ++........             (no ring)
HPRegen  0.07/turn              (no ring)
MPRegen  0.10/turn              (no ring)
                                (no ring)
                                (no ring)

@: appendage (expiring), engulfed, very slightly contaminated
A: almost no armour, stealthy swim, amphibious, 8 rings, constrict 8, tentacle
spike 3, camouflage 1, gelatinous body 1
a: End Transformation


You were in the Dungeon.
You were not hungry.
One of your tentacles had a temporary spike.
You visited 1 branch You collected 27 gold pieces.

Inventory:

Missiles
 a - 10 arrows
Scrolls
 i - a scroll of blinking
 j - 2 scrolls of immolation {unknown}
 k - 5 scrolls of identify
 l - 4 scrolls of remove curse
Potions
 b - 3 potions of mutation {unknown}
 d - a potion of curing
 f - a potion of haste
 g - 2 potions of magic
 h - a potion of berserk rage
 m - 3 potions of flight
 n - a potion of degeneration {unknown}
Comestibles
 c - 3 rations


   Skills:
 - Level 1.0 Fighting
 - Level 2.0 Dodging
 - Level 7.7 Unarmed Combat
 - Level 2.0 Spellcasting
 + Level 2.0 Transmutations


You had 3 spell levels left.
You knew the following spells:

 Your Spells              Type           Power        Failure   Level  Hunger
a - Beastly Appendage     Tmut           #.....       10%         1    #......
T - Sticks to Snakes      Tmut           #.......     14%         2    ###....

Your spell library contained the following spells:

 Spells                   Type           Power        Failure   Level  Hunger
 Spider Form              Tmut/Pois      #.........   41%         3    ###....
 Ice Form                 Ice/Tmut       #.......     82%         4    #####..
 Blade Hands              Tmut           #.........   95%         5    ######.


Dungeon Overview and Level Annotations

Branches:
Dungeon (1/1)

Altars:


Innate Abilities, Weirdness & Mutations

You cannot wear most types of armour.
You are very stealthy in the water. (Stealth+)
You are amphibious.
You can wear up to eight rings at the same time.
You can use your tentacles to constrict eight enemies at once.
Your skin changes colour to match your surroundings (Stealth+).
Your rubbery body absorbs attacks. (AC +1, EV +1)
One of your tentacles bears a large vicious spike.


Message History

You feel much better. The water elemental hits you!
Your ball python bites the water elemental but does no damage.
You barely miss the water elemental.
Your tentacle spike misses the water elemental.
Your squeeze misses the water elemental.
The water elemental is moderately damaged.
Your ball python bites the water elemental.
The water elemental closely misses you.
You tentacle-slap the water elemental.
You pierce the water elemental, but do no damage.
The water elemental is heavily damaged.
Your ball python bites the water elemental.
The water elemental closely misses your ball python.
You tentacle-slap the water elemental.
You pierce the water elemental.
You squeeze the water elemental.
The water elemental is almost destroyed.
Your ball python bites the water elemental but does no damage.
The water elemental hits you!!
Ouch! That really hurt!
You die...

▓▓▓▓▓▓▓▓ ▓▓▓ #..'...♣♣♣
♣.# #..#.....♣♣ ♣.#
####......♣ ♣♣.#
...#....≈♣♣♣♣..###+#+###
...#...≈≈..♣♣♣.#........
..(#..≈≈≈≈♣..♣.S@⌠......
##'#..≈≈≈≈≈≈.♣.#E..#####
†..#.≈≈≈≈≈≈....#.⌠.#
.[.#.≈≈≈≈≈.....#...#
...#.≈≈≈.......#+###
####...........#
...............#
▓▓▓▓▓▓▓▓▓▓▓▓▓▓▓▓


You could see a water elemental and a friendly ball python.

Vanquished Creatures
  Jessica (D)
  A human (D)
  A phantom (D)
  3 rats (D)
6 creatures vanquished.

Vanquished Creatures (others)
  2 draconian scorchers (D)
  6 hellions (D)
  2 yaktaurs (D)
10 creatures vanquished.

Grand Total: 16 creatures vanquished

Notes
Turn   | Place    | Note
-------+----------+-------------------------------------------
     0 | D        | sahdkjhfkaj the Octopode Transmuter began the quest for the
                  | Orb.
     0 | D        | Reached XP level 1. HP: 13/13 MP: 3/3
     9 | D        | Noticed Jessica
    11 | D        | Killed Jessica
    11 | D        | Reached skill level 6 in Unarmed Combat
    11 | D        | Reached XP level 2. HP: 15/18 MP: 5/5
    11 | D        | Reached XP level 3. HP: 20/23 MP: 6/6
    55 | D        | Learned a level 2 spell: Sticks to Snakes
    64 | D        | Killed a yaktaur
    76 | D        | Reached skill level 7 in Unarmed Combat
   117 | D        | Killed a hellion
   133 | D        | Killed a hellion
   167 | D        | Killed a hellion
   169 | D        | Killed a hellion
   190 | D        | Killed a yaktaur
   203 | D        | Killed a white draconian scorcher
   206 | D        | Killed a hellion
   230 | D        | Killed a white draconian scorcher
   231 | D        | Killed a hellion
   245 | D        | Noticed a water elemental
   253 | D        | Mangled by a water elemental

Levels and vault maps discovered:
D:        dungeon_sprint_mu [sprint_mu_entry_forest, sprint_mu_temple_rooms,
          sprint_mu_d1_spiders, sprint_mu_d2_genie, sprint_mu_d3_branching,
          sprint_mu_orc_legion, sprint_mu_elf_gauntlet, sprint_mu_hive_nellie,
          sprint_mu_lair_fedhas, sprint_mu_vaults_butterflies,
          sprint_mu_slime_circle, sprint_mu_swamp_cave, sprint_mu_shoals_kraken,
          sprint_mu_blade_basic, sprint_mu_crypt_chambers,
          sprint_mu_tomb_spiral, sprint_mu_vestibule_basic,
          sprint_mu_gehenna_hellfire, sprint_mu_dis_giant,
          sprint_mu_tartarus_statrot, sprint_mu_cocytus_islands, sprint_mu_zot1]

Skill      XL: |  1  2  3 |
---------------+----------+-----
Unarmed Combat | 6 7 |  7.7
Fighting       | |  1.0
Dodging        | |  2.0
Spellcasting   | |  2.0
Transmutations | |  2.0

Action                   || total
-------------------------++-------
Melee: Unarmed           ||    20
       Tentacles         ||     7
       Constrict         ||     3
       Punch             ||     2
       Kick              ||     7
 Cast: Beastly Appendage ||     3
       Sticks to Snakes  ||     2
  Use: Potion            ||     1
 Stab: Sleeping          ||     2
Armor: Skin              ||     1
Dodge: Dodged            ||    11
